 Dungeon Crawl Stone Soup version 0.29-a0-322-g68df515428 (webtiles) character file.

Game seed: 4505289817297988597

46 ImHallYall the Skirmisher (level 3, -1/27 HPs)
             Began as a Draconian Fighter on Apr 8, 2022.
             Was a Follower of Hepliaklqana.
             Slain by Sigmund
             ... wielding a +0 scythe
              (4 damage)
             ... on level 2 of the Dungeon.
             The game lasted 00:04:39 (1657 turns).

ImHallYall the Skirmisher (Draconian Fighter)       Turns: 1657, Time: 00:04:40

Health: -1/27      AC:  5    Str: 18    XL:     3   Next: 46%
Magic:  3/3        EV: 12    Int:  8    God:    Hepliaklqana [*.....]
Gold:   75         SH:  4    Dex: 12    Spells: 2/2 levels left

rFire   . . .      SeeInvis .   a - +0 war axe
rCold   . . .      Faith    .   b - +0 buckler
rNeg    . . .      Spirit   .   (body armour unavailable)
rPois   .          Reflect  .   (helmet restricted)
rElec   .          Harm     .   (no cloak)
rCorr   .          Rampage  .   (no gloves)
Will    .....                   (no boots)
Stlth   +.........              (no amulet)
HPRegen 0.09/turn               (no ring)
MPRegen 0.08/turn               (no ring)

@: no status effects
A: reduced essence, AC +5, unfitting armour, cold-blooded
a: Renounce Religion, Recall Ancestor, Ancestor Identity


You were on level 2 of the Dungeon.
You worshipped Hepliaklqana.
Hepliaklqana was aware of your devotion.
You visited 1 branch of the dungeon, and saw 2 of its levels.

You collected 75 gold pieces.

Inventory:

Hand Weapons
 a - a +0 war axe (weapon)
Missiles
 e - 3 silver boomerangs (quivered)
Armour
 b - a +0 buckler (worn)
 j - a +0 ring mail
 k - a +0 robe
Magical Staves
 d - a staff of cold
Scrolls
 g - a scroll of summoning {unknown}
 i - a scroll of identify {unknown}
 l - a scroll of holy word {unknown}
 n - a scroll of fear {unknown}
Potions
 c - 2 potions of might
 f - a potion of curing {unknown}
 h - a potion of haste {unknown}
 m - a potion of degeneration {unknown}


   Skills:
 + Level 3.6 Fighting
 + Level 3.0 Axes
 + Level 3.0 Dodging
 + Level 3.3 Shields


You had 2 spell levels left.
You didn't know any spells.
Your spell library contained the following spells:

 Spells                   Type           Power      Damage    Failure   Level
 Call Canine Familiar     Summ           0%         N/A       86%         3
 Ozocubu's Armour         Ice            0%         N/A       86%         3
 Summon Guardian Golem    Hex/Summ       0%         N/A       86%         3
 Cause Fear               Hex            0%         N/A       99%         4
 Hailstorm                Conj/Ice       0%         3d3       99%         4
 Dragon Form              Tmut           0%         N/A       100%        7
 Monstrous Menagerie      Summ           0%         N/A       100%        7
 Dragon's Call            Summ           0%         N/A       100%        9


Dungeon Overview and Level Annotations

Branches:
Dungeon (2/15)

Altars:
Hepliaklqana

Annotations:
D:2 Sigmund


Innate Abilities, Weirdness & Mutations

Your life essence is reduced to manifest your ancestor. (-10% HP)
Your plain brown scales are hard. (AC +5)
You cannot fit into any form of body armour.
You are cold-blooded and may be slowed by cold attacks.


Message History

The goblin closely misses Arif.
The hobgoblin barely misses you. The dart slug misses you.
You slash the hobgoblin!
You kill the hobgoblin!
You slash the dart slug!
You kill the dart slug!
You slash the dart slug!
You kill the dart slug!
The goblin barely misses Arif.
Sigmund barely misses you.
Found 8 gold pieces.
Sigmund closely misses you.
Things that are here:
a +0 ring mail; a hobgoblin corpse You closely miss the goblin.
You block the goblin's attack.
Arif misses the goblin.
Sigmund hits you from afar with a +0 scythe.
The goblin hits you with a +0 club.
You completely miss the goblin.
Arif hits the goblin.
The goblin hits Arif with a +0 club.
Sigmund mumbles some strange words.
Sigmund flickers and vanishes!
Deactivating autopickup; reactivate with Ctrl-A.
You catch the helpless goblin completely off-guard!
You slash the goblin!
You kill the goblin!
Arif hits something.
Something barely misses you.
Arif hits something.
Your Axes skill increases to level 3!
Arif hits something.
Things that are here:
a +0 club; a goblin corpse; a dart slug corpse You completely miss something.
Something hits you!
Arif barely misses something.
You hit something. Something hits you!
* * * LOW HITPOINT WARNING * * *
Arif barely misses something.
You closely miss something.
Arif misses something.
Something hits you.
* * * LOW HITPOINT WARNING * * *
Arif barely misses something.
You closely miss something.
Your tail-slap misses something.
Something hits you.
You die...

.#..# .#..#
######'.!##
..........#
#.........#
#.........#
$......{..#
#<.....@R.#
#...#..[..###
....# #..†.?..#
#...##
#####...##
8....8 #8....8#
#.....#
##.....##
#.....###.....##
#...........##
#8.........8#


You could see the friendly Arif the ancestor.

Vanquished Creatures
  3 dart slugs (D:2)
  4 ball pythons
  An endoplasm (D:1)
  A giant cockroach (D:2)
  5 goblins
  3 hobgoblins
  3 jackals (D:2)
  4 bats
  A frilled lizard (D:1)
  8 kobolds (D:1)
  2 rats (D:1)
35 creatures vanquished.

Vanquished Creatures (collateral kills)
  A jackal (D:2)
  A kobold (D:2)
2 creatures vanquished.

Vanquished Creatures (others)
  2 fungi (D:1)
  A plant (D:1)
3 creatures vanquished.

Grand Total: 40 creatures vanquished

Notes
Turn   | Place    | Note
-------+----------+-------------------------------------------
     0 | D:1      | ImHallYall the Draconian Fighter began the quest for the
                  | Orb.
     0 | D:1      | Reached XP level 1. HP: 19/19 MP: 1/1
   362 | D:1      | Reached XP level 2. HP: 20/26 MP: 2/2
   656 | D:1      | Got the Catalogue of Frigorific Calling
   943 | D:1      | Found a faded altar of an unknown god.
   965 | D:1      | Prayed at the altar of an unknown god.
   965 | D:1      | Became a worshipper of Hepliaklqana the Forgotten
   965 | D:1      | Reached * piety under Hepliaklqana
  1336 | D:2      | Reached XP level 3. HP: 21/27 MP: 3/3
  1644 | D:2      | Noticed Sigmund
  1657 | D:2      | Slain by Sigmund

Illustrated notes

Levels and vault maps discovered:
D:1:      minmay_arrival_four_loops, layout_basic,
          dreamdust_ecumenical_altar_hidden_monk_grotto
D:2:      layout_rooms, chequers_hall_statues_y, kennysheep_pointless_box,
          uniq_sigmund

Skill      XL: |  1  2  3 |
---------------+----------+-----
Dodging        | 3 |  3.0
Axes           | 3 |  3.0
Fighting       | |  3.6
Shields        | |  3.3

Action                   || total
-------------------------++-------
Melee: War axe           ||    99
       Tailslap          ||     7
 Stab: Distracted        ||     1
Armor: Skin              ||    39
Dodge: Dodged            ||    79
Block: Buckler           ||    33

Table legend: (Time is in decaauts)
 A = Elapsed time spent in this place.
 B = Non-inter-level travel time spent in this place.
 C = Inter-level travel time spent in this place.
 D = Time resting spent in this place.
 E = Time spent auto-exploring this place.
 F = Levels seen in this place.
 G = Mean time per level.
                   A        B        C        D        E       F      G
               +--------+--------+--------+--------+--------+-----+--------+
         Total |   1699 |   1699 |      0 |    398 |    794 |   2 |  849.5 |
       Dungeon |   1699 |   1699 |      0 |    398 |    794 |   2 |  849.5 |
               +--------+--------+--------+--------+--------+-----+--------+

Top non-repeatable levels by time:
     D:1: 1190 daAuts
     D:2: 508 daAuts
